 Dungeon Crawl Stone Soup version 0.21.1-1-g345015f (webtiles) character file.

195 tidbits the Insei (level 5, 0/41 HPs)
             Began as a Gnoll Transmuter on Mar 7, 2018.
             Slain by an ogre
             ... wielding a +0 giant spiked club
              (7 damage)
             ... on level 5 of the Dungeon.
             The game lasted 00:05:52 (625 turns).

tidbits the Insei (Gnoll Transmuter)                 Turns: 625, Time: 00:05:52

Health: 0/41       AC:  2    Str: 12    XL:     5   Next: 74%
Magic:  10/12      EV: 24    Int: 17    God:
Gold:   80         SH:  0    Dex: 20    Spells: 6/14 levels left

rFire    . . .     SeeInvis .     - Unarmed
rCold    . . .     Gourm    .   (shield currently unavailable)
rNeg     . . .     Faith    .   (armour currently unavailable)
rPois    x         Spirit   .   (helmet currently unavailable)
rElec    .         Reflect  .   (cloak currently unavailable)
rCorr    .         Harm     .   (gloves currently unavailable)
MR       .....                  (boots currently unavailable)
Stlth    ++........             (no amulet)
HPRegen  0.13/turn              (no ring)
MPRegen  0.13/turn              (no ring)

@: spider-form (expiring)
A: tiny, distributed training, strong nose
a: End Transformation


You were on level 5 of the Dungeon.
You were not hungry.
You were a venomous arachnid creature.
You visited 1 branch of the dungeon, and saw 5 of its levels.

You collected 80 gold pieces.

Inventory:

Missiles
 a - 12 arrows
 k - 7 tomahawks (quivered)
Armour
 B - a +0 robe (melded)
 E - a +1 helmet (melded)
 F - a +0 pair of boots (melded)
Jewellery
 i - an uncursed ring of fire
   (You found it on level 2 of the Dungeon)
Scrolls
 g - 2 scrolls of teleportation {unknown}
 h - a scroll of amnesia {unknown}
 j - a scroll of random uselessness {unknown}
 n - a scroll of fear {unknown}
 o - a scroll of immolation {unknown}
 q - a scroll of fog {unknown}
Potions
 e - a potion of agility {unknown}
 f - 4 potions of curing
 l - a potion of lignification
 m - a potion of resistance {unknown}
Books
 d - a book of Changes

   Spells                             Type                      Level
   a - Beastly Appendage              Transmutation                1
   b - Sticks to Snakes               Transmutation                2
   c - Spider Form                    Transmutation/Poison         3
   d - Ice Form                       Ice/Transmutation            4
   e - Blade Hands                    Transmutation                5
 p - a book of Cantrips
   (You found it on level 3 of the Dungeon)

   Spells                             Type                      Level
   a - Confusing Touch                Hexes                        1
   b - Animate Skeleton               Necromancy                   1
   c - Summon Small Mammal            Summoning                    1
   d - Apportation                    Translocation                1
Comestibles
 c - 2 rations


   Skills:
 + Level 3.0 Fighting
 + Level 1.6 Short Blades
 + Level 1.6 Long Blades
 + Level 1.6 Axes
 + Level 1.6 Maces & Flails
 + Level 1.6 Polearms
 + Level 1.6 Staves
 + Level 1.6 Slings
 + Level 1.6 Bows
 + Level 1.6 Crossbows
 + Level 1.6 Throwing
 + Level 1.6 Armour
 + Level 4.8 Dodging
 + Level 1.6 Stealth
 + Level 1.6 Shields
 + Level 6.7 Unarmed Combat
 + Level 5.2 Spellcasting
 + Level 1.2 Conjurations
 + Level 1.2 Hexes
 + Level 1.2 Charms
 + Level 1.2 Summonings
 + Level 1.2 Necromancy
 + Level 1.2 Translocations
 + Level 4.0 Transmutations
 + Level 1.2 Fire Magic
 + Level 1.2 Ice Magic
 + Level 1.2 Air Magic
 + Level 1.2 Earth Magic
 + Level 1.2 Poison Magic
 + Level 1.8 Invocations
 + Level 1.6 Evocations


You had 6 spell levels left.
You knew the following spells:

 Your Spells              Type           Power        Failure   Level  Hunger
e - Beastly Appendage     Tmut           ###...       10%         1    None
k - Sticks to Snakes      Tmut           ###.....     13%         2    #......
n - Animate Skeleton      Necr           N/A          22%         1    None
p - Spider Form           Tmut/Pois      ##........   32%         3    ###....
A - Apportation           Tloc           #.....       22%         1    None


Dungeon Overview and Level Annotations

Branches:
Dungeon (5/15)
 Temple: D:4-7

Altars:
Hepliaklqana
Yredelemnul


Innate Abilities, Weirdness & Mutations

Your experience applies equally to all skills.
((You have very sharp teeth.))
Your uncanny sense of smell can sniff out nearby items.


Message History

Your +0 robe unmelds from your body.
Items here: )))))) ††††
There is a stone staircase leading down here.
Things that are here:
a club; a hobgoblin corpse
Things that are here:
a club; a goblin corpse
Casting: Spider Form
Confirm with . or Enter, or press ? or * to list all spells.
You turn into a venomous arachnid creature.
Your +0 pair of boots melds into your body.
Your +0 robe melds into your body.
Unknown command.
There is a stone staircase leading down here.
You climb downwards.
Level annotation: Robin Robin laughs in a distinctly smug fashion.
The goblin shoots a stone.
The stone closely misses you.
Robin roars a battlecry!
The goblin goes into a battle-frenzy!
The goblin shoots a stone.
The stone hits you.
* * * LOW HITPOINT WARNING * * *
There is a stone staircase leading up here.
You see here a stone.
Unknown command.
The goblin shoots a stone.
The stone completely misses you.
You bite Robin!
Robin is poisoned.
Robin is heavily wounded.
Robin completely misses you.
The goblin shoots a stone.
The stone barely misses you.
There is a stone staircase leading up here.
You see here a stone.
The goblin shoots a stone.
The stone closely misses you. Robin barely misses you.
You climb upwards.
There is a stone staircase leading down here.
Unknown command.
You hit Robin.
You kill Robin!
Items here: ))))))) [[ ††††
b - a shiny helmet
There is a stone staircase leading down here.
You climb downwards.
Your transformation is almost over.
The goblin shoots a stone.
The stone completely misses you.
There is a stone staircase leading up here.
You see here a stone.
Unknown command.
You hit the goblin.
You kill the goblin!
Things that are here:
a hunting sling; an uncursed club
Found a stone staircase leading down.
Your transformation has ended.
Your +0 pair of boots unmelds from your body.
Your +0 robe unmelds from your body.
You see here a scroll labeled AWEIGU AGIADGH.
g - 2 scrolls labeled AWEIGU AGIADGH (gained 1) Wear which item? (? for menu, Esc to quit)
You start putting on your armour.
You continue putting on your shiny helmet. x4
Magic restored.
You finish putting on your +1 helmet.
Adjust (i)tems, (s)pells, or (a)bilities?
Adjust which item? (? for menu, Esc to quit)
b - a +1 helmet (worn)
Adjust to which letter? (? for menu, Esc to quit)
E - a +1 helmet (worn)
Adjust (i)tems, (s)pells, or (a)bilities?
Adjust which item? (? for menu, Esc to quit)
Okay, then.
Saving game... please wait.
Welcome back, tidbits the Gnoll Transmuter.
Press ? for a list of commands and other information.
There is a stone staircase leading down here.
Cast which spell? (? or * to list)
You turn into a venomous arachnid creature.
Your +1 helmet melds into your body.
Your +0 pair of boots melds into your body.
Your +0 robe melds into your body.
You climb downwards.
An ogre comes into view. It is wielding a giant spiked club.
There is a stone staircase leading up here.
The helpless ogre fails to defend itself.
You hit the ogre.
The ogre is poisoned.
The ogre is lightly wounded.
You hit the ogre but do no damage.
The ogre looks as sick as possible!
The ogre is lightly wounded.
Your transformation is almost over.
The ogre hits you with a giant spiked club!
* * * LOW HITPOINT WARNING * * *
You completely miss the ogre.
The ogre is moderately wounded.
The ogre misses you.
You completely miss the ogre.
The ogre is moderately wounded.
You hit the ogre.
The ogre is severely wounded.
The ogre hits you with a giant spiked club!
You die...

#####
.#....
∆
....#
...+∆
#..#
#..###
#....#
#Os..#
#..<.#
#....#
######


You could see an ogre.

Vanquished Creatures
  The ghost of Mirai the Covered, an amateur DsFi (D:3)
  Robin (D:3)
  2 adders
  A worm (D:3)
  A dart slug (D:1)
  An orc (D:3)
  A bat (D:1)
  A giant cockroach (D:3)
  7 goblins
  9 hobgoblins
  4 frilled lizards
  3 kobolds
  A rat (D:3)
33 creatures vanquished.

Notes
Turn   | Place    | Note
-------+----------+-------------------------------------------
     0 | D:1      | tidbits the Gnoll Transmuter began the quest for the Orb.
     0 | D:1      | Reached XP level 1. HP: 17/17 MP: 6/6
   150 | D:2      | Reached XP level 2. HP: 20/23 MP: 5/7
   159 | D:2      | Learned a level 2 spell: Sticks to Snakes
   268 | D:2      | Found a basalt altar of Yredelemnul.
   280 | D:3      | Reached XP level 3. HP: 28/28 MP: 7/9
   285 | D:3      | Learned a level 3 spell: Spider Form
   344 | D:2      | Found a hazy altar of Hepliaklqana.
   398 | D:3      | Noticed Mirai's ghost (amateur DsFi)
   413 | D:3      | Killed Mirai's ghost
   413 | D:3      | Reached skill level 1 in Short Blades
   413 | D:3      | Reached skill level 1 in Long Blades
   413 | D:3      | Reached skill level 1 in Axes
   413 | D:3      | Reached skill level 1 in Maces & Flails
   413 | D:3      | Reached skill level 1 in Polearms
   413 | D:3      | Reached skill level 1 in Staves
   413 | D:3      | Reached skill level 1 in Slings
   413 | D:3      | Reached skill level 1 in Bows
   413 | D:3      | Reached skill level 1 in Crossbows
   413 | D:3      | Reached skill level 1 in Throwing
   413 | D:3      | Reached skill level 1 in Armour
   413 | D:3      | Reached skill level 1 in Stealth
   413 | D:3      | Reached skill level 1 in Shields
   413 | D:3      | Reached skill level 5 in Spellcasting
   413 | D:3      | Reached skill level 1 in Conjurations
   413 | D:3      | Reached skill level 1 in Hexes
   413 | D:3      | Reached skill level 1 in Charms
   413 | D:3      | Reached skill level 1 in Summonings
   413 | D:3      | Reached skill level 1 in Necromancy
   413 | D:3      | Reached skill level 1 in Translocations
   413 | D:3      | Reached skill level 1 in Fire Magic
   413 | D:3      | Reached skill level 1 in Ice Magic
   413 | D:3      | Reached skill level 1 in Air Magic
   413 | D:3      | Reached skill level 1 in Earth Magic
   413 | D:3      | Reached skill level 1 in Poison Magic
   413 | D:3      | Reached skill level 1 in Invocations
   413 | D:3      | Reached skill level 1 in Evocations
   413 | D:3      | Reached XP level 4. HP: 34/34 MP: 11/11
   413 | D:3      | Reached XP level 5. HP: 40/40 MP: 12/12
   419 | D:3      | Reached skill level 3 in Fighting
   500 | D:3      | Learned a level 1 spell: Animate Skeleton
   502 | D:3      | Learned a level 1 spell: Apportation
   543 | D:4      | Noticed Robin
   549 | D:3      | Reached skill level 4 in Transmutations
   592 | D:3      | Killed Robin
   619 | D:5      | Entered Level 5 of the Dungeon
   619 | D:5      | Noticed an ogre
   625 | D:5      | Slain by an ogre

Skill      XL: |  1  2  3  4  5 |
---------------+----------------+-----
Short Blades   | 1 |  1.6
Long Blades    | 1 |  1.6
Axes           | 1 |  1.6
Maces & Flails | 1 |  1.6
Polearms       | 1 |  1.6
Staves         | 1 |  1.6
Slings         | 1 |  1.6
Bows           | 1 |  1.6
Crossbows      | 1 |  1.6
Throwing       | 1 |  1.6
Armour         | 1 |  1.6
Stealth        | 1 |  1.6
Shields        | 1 |  1.6
Spellcasting   | 5 |  5.2
Conjurations   | 1 |  1.2
Hexes          | 1 |  1.2
Charms         | 1 |  1.2
Summonings     | 1 |  1.2
Necromancy     | 1 |  1.2
Translocations | 1 |  1.2
Fire Magic     | 1 |  1.2
Ice Magic      | 1 |  1.2
Air Magic      | 1 |  1.2
Earth Magic    | 1 |  1.2
Poison Magic   | 1 |  1.2
Invocations    | 1 |  1.8
Evocations     | 1 |  1.6
Fighting       | 3 |  3.0
Transmutations | 4 |  4.0
Dodging        | |  4.8
Unarmed Combat | |  6.7

Action                   |  1- 3 |  4- 6 || total
-------------------------+-------+-------++-------
Melee: Unarmed           |    51 |    37 ||    88
       Headbutt          |     8 |       ||     8
       Bite              |     2 |     1 ||     3
Throw: Tomahawk          |     2 |       ||     2
 Cast: Beastly Appendage |     9 |       ||     9
       Spider Form       |       |     6 ||     6
  Use: Potion            |     2 |       ||     2
 Stab: Sleeping          |     3 |     1 ||     4
Armor: Robe              |     6 |       ||     6
       Skin              |     8 |     3 ||    11
Dodge: Dodged            |    31 |    54 ||    85

Table legend:
 A = Turns spent in this place as a percentage of turns spent in the entire game.
 B = Non-inter-level travel turns spent in this place as a percentage of non-inter-level travel turns spent in the entire game.
 C = Inter-level travel turns spent in this place as a percentage of turns spent in this place.
 D = Turns resting spent in this place as a percentage of non-inter-level travel turns spent in this place.
 E = Turns spent auto-exploring this place as a percentage of non-inter-level travel turns spent in this place.
 F = Non-inter-level travel turns spent in this place divided by the number of levels of this place that you've seen.
                   A       B       C       D       E      F
               +-------+-------+-------+-------+-------+----------------------
         Total | 100.0 | 100.0 |   0.0 |   0.0 |   0.0 | 125.0
       Dungeon | 100.0 | 100.0 |   0.0 |   0.0 |   0.0 | 125.0
               +-------+-------+-------+-------+-------+----------------------

Table legend:
 A = Kills in this place as a percentage of kills in entire the game.
 B = Kills by you in this place as a percentage of kills by you in the entire game.
 C = Kills by friends in this place as a percentage of kills by friends in the entire game.
 D = Other kills in this place as a percentage of other kills in the entire game.
 E = Experience gained in this place as a percentage of experience gained in the entire game.
 F = Experience gained in this place divided by the number of levels of this place that you have seen.
                   A       B       C       D       E      F
               +-------+-------+-------+-------+-------+----------------------
         Total | 100.0 | 100.0 |   N/A |   N/A | 100.0 |  55.8
       Dungeon | 100.0 | 100.0 |   N/A |   N/A | 100.0 |  55.8
               +-------+-------+-------+-------+-------+----------------------

Vault maps used:
D:1:      evilmike_arrival_fibonacci_small, roderic_serpentine_path
D:2:      nicolae_overflow_hidden_temple, yredelemnul_altar_generic
D:3:      zin_purify, uniq_jessica
D:4:      lemuel_doored_altar, first_ration, nicolae_tso_besieged_by_evil,
          uniq_edmund, uniq_ijyb, uniq_robin
